 Dungeon Crawl Stone Soup version 0.22-a0-86-g94e0ad4 (webtiles) character file.

70 KristoblXynda the Ruffian (level 4, -1/38 HPs)
             Began as a Draconian Monk on Jan 20, 2018.
             Slain by a white imp (4 damage)
             ... summoned by Natasha
             ... on level 2 of the Dungeon.
             The game lasted 00:02:33 (1107 turns).

KristoblXynda the Ruffian (Draconian Monk)          Turns: 1107, Time: 00:02:33

Health: -1/38      AC:  6    Str: 12    XL:     4   Next: 4%
Magic:  4/4        EV: 13    Int: 11    God:
Gold:   76         SH:  0    Dex: 13    Spells: 3/3 levels left

rFire    . . .     SeeInvis .     - Unarmed
rCold    . . .     Gourm    .   (no shield)
rNeg     . . .     Faith    .   (armour unavailable)
rPois    .         Spirit   .   (helmet restricted)
rElec    .         Reflect  .   (no cloak)
rCorr    .         Harm     .   (no gloves)
MR       .....                  e - +0 pair of boots
Stlth    ++........             (no amulet)
HPRegen  0.52/turn              (no ring)
MPRegen  0.09/turn              (no ring)

@: slowed, very slow
A: unfitting armour, regeneration 1, weak 1, cold-blooded, AC +5
a: no special abilities


You were on level 2 of the Dungeon.
You were not hungry.

You visited 1 branch of the dungeon, and saw 2 of its levels.

You collected 76 gold pieces.

Inventory:

Armour
 e - a +0 pair of boots (worn)
Jewellery
 h - an uncursed amulet of magic regeneration
Scrolls
 b - 3 scrolls of remove curse
 c - a scroll of enchant weapon {unknown}
 d - a scroll of magic mapping {unknown}
 i - a scroll of enchant armour {unknown}
 j - 3 scrolls of identify
 k - a scroll of immolation {unknown}
Potions
 g - a potion of lignification
 l - a potion of heal wounds
Comestibles
 a - 3 rations
 f - a chunk of flesh


   Skills:
 - Level 3.2 Fighting
 + Level 3.3 Dodging
 + Level 2.8 Stealth
 + Level 3.7 Unarmed Combat


You had 3 spell levels left.
You didn't know any spells.

Dungeon Overview and Level Annotations

Branches:
Dungeon (2/15)

Altars:
Ashenzari

Annotations:
D:2 Natasha


Innate Abilities, Weirdness & Mutations

Your plain brown scales are hard. (AC +5)
You cannot fit into any form of body armour.
You are cold-blooded and may be slowed by cold attacks.
Your natural rate of healing is unusually fast.
You are weak. (Str -2)


Message History

You hit Natasha.
Natasha is severely wounded.
Natasha claws you!
You hit Natasha but do no damage.
Natasha is severely wounded.
Natasha zaps a wand.
The puff of flame hits you!
You closely miss Natasha.
Your tail-slap misses Natasha.
Natasha is severely wounded.
Natasha claws you!
* * * LOW HITPOINT WARNING * * *
Natasha casts a spell.
You miss Natasha. You tail-slap Natasha.
Natasha is almost dead.
Natasha claws you.
* * * LOW HITPOINT WARNING * * *
The white imp hits you but does no damage.
You closely miss Natasha.
Natasha is almost dead.
Natasha closely misses you. The white imp hits you.
You die...

#### #.. #.#
####.#######
######....5@h...#
#........?#####.#
#.####.####
###.####.##
#.........#
#.#.####..# #.#.#
#..# ####...#
#..# ......##
#..#


You could see Natasha and a white imp.

Vanquished Creatures
  Natasha (D:2)
  An adder (D:2)
  A worm (D:2)
  A dart slug (D:2)
  2 leopard geckos
  2 giant cockroaches
  3 goblins
  3 hobgoblins
  4 jackals (D:2)
  A ball python (D:1)
  2 bats
  2 frilled lizards (D:2)
  2 kobolds (D:1)
  5 rats
30 creatures vanquished.

Notes
Turn   | Place    | Note
-------+----------+-------------------------------------------
     0 | D:1      | KristoblXynda the Draconian Monk began the quest for the Orb.
     0 | D:1      | Reached XP level 1. HP: 19/19 MP: 1/1
   156 | D:1      | Reached XP level 2. HP: 23/26 MP: 2/2
   689 | D:2      | Gained mutation: You are weak. (Str -2) [potion of mutation]
   689 | D:2      | Gained mutation: Your natural rate of healing is unusually fast. [potion of mutation]
   693 | D:2      | Reached XP level 3. HP: 3/31 MP: 3/3
   843 | D:2      | Found a shattered altar of Ashenzari.
  1077 | D:2      | Noticed Natasha
  1086 | D:2      | Killed Natasha
  1086 | D:2      | Reached XP level 4. HP: 38/38 MP: 4/4
  1095 | D:2      | Noticed Natasha
  1107 | D:2      | Slain by a white imp

Vault maps used:
D:1:      sevenhm_arrival_forest_fort_large_2, chequers_big_river
D:2:      first_ration, nicolae_ashenzari_panopticon, uniq_natasha

Skill      XL: |  1  2 |
---------------+-------+-----
Stealth        | 2 |  2.8
Dodging        | 3 |  3.3
Fighting       | |  3.2
Unarmed Combat | |  3.7

Action                   |  1- 3 |  4- 6 || total
-------------------------+-------+-------++-------
Melee: Unarmed           |   100 |    10 ||   110
       Tailslap          |     5 |     1 ||     6
       Punch             |     3 |       ||     3
  Use: Potion            |     3 |       ||     3
       Scroll            |     4 |       ||     4
 Stab: Sleeping          |     2 |       ||     2
  Eat: Chunk             |       |     1 ||     1
Armor: Skin              |    25 |     2 ||    27
Dodge: Dodged            |    58 |     6 ||    64

Table legend:
 A = Spawn XP
 B = Non-spawn XP
 C = Spawn XP percentage of total XP
 D = Spawn monster count
 E = Non-spawn monster count
 F = Spawn count percentage of total count
 G = Total turns spent on level
                    A         B        C        D         E        F      G
               +---------+---------+-------+---------+---------+-------+---------
         Total |       0 |     101 |   0.0 |       0 |      30 |   0.0 |  1107
               +---------+---------+-------+---------+---------+-------+---------
           D:1 |       0 |      20 |   0.0 |       0 |      13 |   0.0 |   598
           D:2 |       0 |      81 |   0.0 |       0 |      17 |   0.0 |   509
               +---------+---------+-------+---------+---------+-------+---------
